cohdb
Replays
Latest Replays
All Replays
Popular Replays
Top Player Replays
Match Explorer
How It Works
Community
CoH3 Stats
Reddit
Sign in to upload your games and track your stats! →
Sign in with Steam
Match 46125851
Unlisted
Match 46125851
Overview
Messages
Build Orders
End
Selects Terror Battlegroup
Selects Machine Gun Camouflage
Kettenkrad Recon Vehicle
Construct Infanterie Kompanie
MG 42 Machine Gun Team
Grenadier Squad
MG 42 Machine Gun Team
Grenadier Squad
Construct Luftwaffe Kompanie
Selects Contempt for the Weak
Selects Interrogate
Jäger Squad
Luftwaffe Officer Quarters
Infanterie Officer Quarters
Medical Station
GrW 34 Mortar Team
Jäger Squad
Construct Panzer Kompanie
Selects No Quarter
Panzer IV Medium Tank
Side Skirts
Pioneer Squad
Panzer IV Medium Tank
Stoßtruppen Squad
Jäger Squad
Selects King Tiger Heavy Tank
Syccer
Sad Pepe
0
0
Comments
sign in to comment!
No comments posted yet!